XFBL
ATLANTA BRAVES @ PITTSBURGH PIRATES
07/24/1982
 
TOP OF THE 1ST
Atlanta Braves batting - Pitching for Pittsburgh Pirates : RHP Moose Haas
Pitching: RHP Moose Haas
Batting: LHB Brett Butler 0-0: SOLO HOME RUN (Flyball, 9D, EV 101.9 MPH), Distance : 392 ft
Batting: SHB Tony Fernandez 0-0: Called Strike
0-1: Ball
1-1: Bunt missed!
1-2: Foul Ball, location: 2F
1-2: Ball
2-2: Ground out 4-3 (Groundball, 4, EV 101.3 MPH)
Batting: LHB Leon Durham 0-0: Called Strike
0-1: Foul Ball, location: 2F
0-2: SOLO HOME RUN (Flyball, 89XD, EV 106.3 MPH), Distance : 409 ft
Batting: LHB Bobby Murcer 0-0: Called Strike
0-1: Ball
1-1: Called Strike
1-2: SINGLE (Flyball, 34D, EV 90.0 MPH)
Batting: LHB Mike Scioscia 0-0: Ball
1-0: Ball
2-0: Called Strike
2-1: Swinging Strike
2-2: Ball
3-2: Base on Balls
Bobby Murcer to second
Batting: LHB Mike Hargrove 0-0: Ball
1-0: Fly out, F6 (Popup, 6, EV 66.9 MPH)
Batting: LHB Joe L Morgan 0-0: Ball
1-0: Swinging Strike
1-1: Ball
2-1: Foul Ball, location: 2F
2-2: Ball
3-2: SINGLE (Line Drive, 6MD, EV 95.0 MPH)
Bobby Murcer to third
Mike Scioscia to second
Bobby Murcer scores
Mike Scioscia to third
Batting: SHB UL Washington 0-0: Ball
1-0: Foul Ball, location: 2F
1-1: Called Strike
1-2: Ball
2-2: Foul Ball, location: 2F
2-2: Fly out, F8 (Flyball, 8LD, EV 97.5 MPH)
Top of the 1st over - 3 runs, 4 hits, 0 errors, 2 left on base; Atlanta 3 - Pittsburgh 0
BOTTOM OF THE 1ST
Pittsburgh Pirates batting - Pitching for Atlanta Braves : LHP Danny Jaster
Pitching: LHP Danny Jaster
Batting: RHB Dan Gladden 0-0: Foul Ball, location: 2F
0-1: Fly out, F3 (Flyball, 34D, EV 86.3 MPH)
Batting: SHB Chili Davis 0-0: Foul Ball, location: 2F
0-1: Swinging Strike
0-2: Fly out, F9 (Flyball, 89D, EV 87.5 MPH)
Batting: RHB Rennie Stennett 0-0: Ball
1-0: SINGLE (Groundball, 5S, EV 56.9 MPH) (infield hit)
Batting: LHB Robert Lopez 0-0: Called Strike
0-1: Swinging Strike
0-2: Ball
1-2: Foul Ball, location: 2F
1-2: Fly out, F9 (Flyball, 9S, EV 76.3 MPH)
Bottom of the 1st over - 0 runs, 1 hit, 0 errors, 1 left on base; Atlanta 3 - Pittsburgh 0
TOP OF THE 2ND
Atlanta Braves batting - Pitching for Pittsburgh Pirates : RHP Moose Haas
Batting: LHB Danny Jaster 0-0: Called Strike
0-1: SINGLE (Groundball, 6MS, EV 69.4 MPH) (infield hit)
Batting: LHB Brett Butler 0-0: Called Strike
0-1: Called Strike
0-2: Foul Ball, location: 2F
0-2: Ball
1-2: Foul Ball, location: 2F
1-2: Reached on error, E6 (Groundball, 6M, EV 99.4 MPH)
Danny Jaster to second
Batting: SHB Tony Fernandez 0-0: Called Strike
0-1: Ball
1-1: Ball
2-1: Ball
3-1: Swinging Strike
3-2: Fly out, F8 (Flyball, 8RM, EV 88.1 MPH)
Batting: LHB Leon Durham 0-0: Ball
1-0: Ball
2-0: Called Strike
2-1: Called Strike
2-2: Fielders Choice at 2nd, 5-4 (Groundball, 56, EV 87.5 MPH)
Danny Jaster to third
Batting: LHB Bobby Murcer 0-0: Ball
1-0: Ball
2-0: Called Strike
2-1: Foul Ball, location: 2F
2-2: Strikes out swinging
Top of the 2nd over - 0 runs, 1 hit, 1 error, 2 left on base; Atlanta 3 - Pittsburgh 0
BOTTOM OF THE 2ND
Pittsburgh Pirates batting - Pitching for Atlanta Braves : LHP Danny Jaster
Batting: LHB Greg Walker 0-0: Ball
1-0: Ball
2-0: Fly out, F8 (Line Drive, 8RD, EV 85.6 MPH)
Batting: RHB Mike C Brown 0-0: Ball
1-0: Swinging Strike
1-1: Called Strike
1-2: Strikes out swinging
Batting: SHB John Shelby 0-0: DOUBLE (Popup, 4MD, EV 51.3 MPH)
Batting: SHB Ron Oester 0-0: Foul Ball, location: 2F
0-1: Ball
1-1: Ball
2-1: Called Strike
2-2: SINGLE (Groundball, 6MD, EV 96.3 MPH)
John Shelby to third
Runner from 3rd tries for Home, SAFE, throw by CF to home
Ron Oester to second
Batting: RHB Moose Haas 0-0: Called Strike
0-1: Foul Ball, location: 2F
0-2: Ball
1-2: Ball
2-2: Ball
3-2: Strikes out swinging
Bottom of the 2nd over - 1 run, 2 hits, 0 errors, 1 left on base; Atlanta 3 - Pittsburgh 1
TOP OF THE 3RD
Atlanta Braves batting - Pitching for Pittsburgh Pirates : RHP Moose Haas
Batting: LHB Mike Scioscia 0-0: Ball
1-0: Called Strike
1-1: Swinging Strike
1-2: Fly out, F9 (Flyball, 9, EV 90.6 MPH)
Batting: LHB Mike Hargrove 0-0: Ball
1-0: Called Strike
1-1: Called Strike
1-2: Strikes out swinging
Batting: LHB Joe L Morgan 0-0: Ball
1-0: Called Strike
1-1: Ball
2-1: Foul Ball, location: 2F
2-2: SOLO HOME RUN (Flyball, 9LD, EV 104.4 MPH), Distance : 356 ft
Batting: SHB UL Washington 0-0: Ball
1-0: SINGLE (Groundball, 34D, EV 103.1 MPH)
Batting: LHB Danny Jaster 0-0: Ball
1-0: Called Strike
1-1: Ball
2-1: Swinging Strike
2-2: Fielders Choice at 2nd, U6 (Groundball, 6M, EV 85.0 MPH)
Top of the 3rd over - 1 run, 2 hits, 0 errors, 1 left on base; Atlanta 4 - Pittsburgh 1
BOTTOM OF THE 3RD
Pittsburgh Pirates batting - Pitching for Atlanta Braves : LHP Danny Jaster
Batting: RHB Dan Gladden 0-0: Foul Ball, location: 2F
0-1: Ball
1-1: SINGLE (Line Drive, 4MD, EV 98.1 MPH)
Batting: SHB Chili Davis 0-0: Ball
1-0: Ball
2-0: Ball
3-0: Called Strike
3-1: Foul Ball, location: 2F
3-2: Strikes out swinging
Dan Gladden is caught stealing 2nd base 2-4
Batter strikes out.
Batting: RHB Rennie Stennett 0-0: Ball
1-0: Swinging Strike
1-1: Ground out 6-3 (Groundball, 56, EV 85.6 MPH)
Bottom of the 3rd over - 0 runs, 1 hit, 0 errors, 0 left on base; Atlanta 4 - Pittsburgh 1
TOP OF THE 4TH
Atlanta Braves batting - Pitching for Pittsburgh Pirates : RHP Moose Haas
Batting: LHB Brett Butler 0-0: Ball
1-0: Called Strike
1-1: Ground out 6-3 (Groundball, 6, EV 81.3 MPH)
Batting: SHB Tony Fernandez 0-0: Ball
1-0: Ball
2-0: Foul Ball, location: 2F
2-1: Ball
3-1: Fly out, F9 (Line Drive, 89M, EV 103.8 MPH)
Batting: LHB Leon Durham 0-0: Called Strike
0-1: Ball
1-1: Called Strike
1-2: SINGLE (Line Drive, 89S, EV 111.3 MPH)
Batting: LHB Bobby Murcer 0-0: Called Strike
0-1: SINGLE (Flyball, 5D, EV 96.9 MPH)
Leon Durham to second
Batting: LHB Mike Scioscia 0-0: Ball
1-0: Called Strike
Bobby Murcer steals 2nd base
Leon Durham steals 3rd base
1-1: Swinging Strike
1-2: Ball
2-2: Foul Ball, location: 2F
2-2: Fly out, F7 (Flyball, 7LM, EV 97.5 MPH)
Top of the 4th over - 0 runs, 2 hits, 0 errors, 2 left on base; Atlanta 4 - Pittsburgh 1
BOTTOM OF THE 4TH
Pittsburgh Pirates batting - Pitching for Atlanta Braves : LHP Danny Jaster
Batting: LHB Robert Lopez 0-0: SINGLE (Groundball, 56D, EV 102.5 MPH)
Batting: LHB Greg Walker 0-0: Called Strike
0-1: DOUBLE (Line Drive, 9LM, EV 112.5 MPH)
Robert Lopez to third
Runner from 3rd tries for Home, SAFE, no throw by RF
Batting: RHB Mike C Brown 0-0: SINGLE (Groundball, 5S, EV 65.0 MPH) (infield hit)
Greg Walker to third
Batting: SHB John Shelby 0-0: Ball
Wild Pitch!
Greg Walker scores
Mike C Brown to second
1-0: Ball
2-0: Swinging Strike
2-1: Ground out 5-3 (Groundball, 5S, EV 81.9 MPH)
Batting: SHB Ron Oester 0-0: Foul Ball, location: 2F
0-1: Ball
1-1: Ball
2-1: Foul Ball, location: 2F
2-2: Ball
3-2: Fly out, F9 (Flyball, 9S, EV 82.5 MPH)
Batting: RHB Moose Haas 0-0: Called Strike
0-1: DOUBLE (Line Drive, 89M, EV 110.0 MPH)
Mike C Brown scores
Batting: RHB Dan Gladden 0-0: Ball
1-0: Ball
2-0: SINGLE (Groundball, 56D, EV 95.0 MPH)
Moose Haas to third
Runner from 3rd tries for Home, SAFE, throw by LF to home
Batting: SHB Chili Davis 0-0: Ball
1-0: Fly out, F6 (Popup, 6S, EV 68.8 MPH)
Bottom of the 4th over - 4 runs, 5 hits, 0 errors, 1 left on base; Atlanta 4 - Pittsburgh 5
TOP OF THE 5TH
Atlanta Braves batting - Pitching for Pittsburgh Pirates : RHP Moose Haas
Batting: LHB Mike Hargrove 0-0: Ball
1-0: Ball
2-0: Foul Ball, location: 2F
2-1: Foul Ball, location: 2F
2-2: Ball
3-2: SINGLE (Groundball, 4D, EV 101.3 MPH)
Batting: LHB Joe L Morgan 0-0: Foul Ball, location: 2F
0-1: Foul Ball, location: 2F
0-2: Ball
1-2: Ball
2-2: Ball
3-2: Foul Ball, location: 2F
3-2: Foul Ball, location: 2F
3-2: Reached on error, E2 (Groundball, 15S, EV 67.5 MPH)
Mike Hargrove to second
Batting: SHB UL Washington 0-0: Ball
1-0: Ball
2-0: Ball
3-0: Called Strike
3-1: SINGLE (Groundball, 25, EV 68.1 MPH) (infield hit)
Mike Hargrove to third
Joe L Morgan to second
Batting: LHB Danny Jaster 0-0: SINGLE (Groundball, 4M, EV 105.0 MPH)
Mike Hargrove scores
Joe L Morgan to third
UL Washington to second
Runner from 3rd tries for Home, SAFE, throw by CF to home
Pitching: RHP Jose Vasquez
Batting: LHB Brett Butler 0-0: Called Strike
0-1: Ball
1-1: Called Strike
1-2: Reached on error, E3 (Groundball, 34, EV 108.1 MPH)
UL Washington to third
Danny Jaster to second
Batting: SHB Tony Fernandez 0-0: Called Strike
0-1: Ball
1-1: Ball
2-1: Ball
3-1: SINGLE (Groundball, 34D, EV 101.3 MPH)
UL Washington scores
Danny Jaster to third
Brett Butler to second
Batting: LHB Leon Durham 0-0: Grounds into double play, 4-6-3 (Groundball, 34D, EV 105.0 MPH)
Danny Jaster scores
Brett Butler to third
Batting: LHB Bobby Murcer 0-0: Ball
1-0: Swinging Strike
1-1: Foul Ball, location: 2F
1-2: Ball
2-2: SINGLE (Groundball, 6S, EV 63.1 MPH) (infield hit)
Brett Butler scores
Batting: LHB Mike Scioscia 0-0: Ball
1-0: Ground out U3 (Groundball, 3, EV 93.1 MPH)
Top of the 5th over - 5 runs, 5 hits, 2 errors, 1 left on base; Atlanta 9 - Pittsburgh 5
BOTTOM OF THE 5TH
Pittsburgh Pirates batting - Pitching for Atlanta Braves : LHP Danny Jaster
Batting: RHB Rennie Stennett 0-0: Called Strike
0-1: Foul Ball, location: 2F
0-2: Ball
1-2: Foul Ball, location: 2F
1-2: Fly out, F8 (Flyball, 89D, EV 82.5 MPH)
Batting: LHB Robert Lopez 0-0: Ground out 5-3 (Groundball, 56, EV 86.9 MPH)
Batting: LHB Greg Walker 0-0: Called Strike
0-1: SINGLE (Groundball, 34D, EV 98.1 MPH)
Batting: RHB Mike C Brown 0-0: Hit by Pitch
Greg Walker to second
Batting: SHB John Shelby 0-0: Ball
1-0: DOUBLE (Line Drive, 9LS, EV 92.5 MPH)
Greg Walker scores
Mike C Brown to third
Runner from 3rd tries for Home, SAFE, no throw by RF
Pitching: RHP Migel Puente
Now in CF: Gil Flores
Batting: SHB Ron Oester 0-0: Called Strike
0-1: Ball
1-1: Ball
2-1: Foul Ball, location: 2F
2-2: Ball
3-2: Foul Ball, location: 2F
3-2: SINGLE (Groundball, 34D, EV 108.1 MPH)
John Shelby to third
John Shelby scores
Pinch Hitting: RHB William Max 0-0: Ball
1-0: Called Strike
1-1: Ground out 1-3 (Groundball, 34S, EV 73.1 MPH)
Bottom of the 5th over - 3 runs, 3 hits, 0 errors, 1 left on base; Atlanta 9 - Pittsburgh 8
TOP OF THE 6TH
Atlanta Braves batting - Pitching for Pittsburgh Pirates : RHP Jose Vasquez
Pitching: RHP Mike Smithson
Batting: LHB Mike Hargrove 0-0: Ball
1-0: Foul Ball, location: 2F
1-1: Ball
2-1: Foul Ball, location: 2F
2-2: SINGLE (Line Drive, 34D, EV 95.0 MPH)
Batting: LHB Joe L Morgan 0-0: Foul Ball, location: 2F
0-1: SINGLE (Line Drive, 8LS, EV 103.1 MPH)
Mike Hargrove to second
Pinch Runner at 2nd Tom Veryzer:
Batting: SHB UL Washington 0-0: Called Strike
0-1: Ball
Tom Veryzer steals 3rd base
Joe L Morgan to second
1-1: Called Strike
1-2: Foul Ball, location: 2F
1-2: Strikes out looking
Batting: RHB Gil Flores 0-0: Foul Ball, location: 2F
0-1: Ball
1-1: Ball
2-1: Ball
3-1: Called Strike
3-2: Ground out 6-3 (Groundball, 6, EV 90.6 MPH)
Batting: LHB Brett Butler 0-0: Ball
1-0: Ball
2-0: Foul Ball, location: 2F
2-1: Ball
3-1: Foul Ball, location: 2F
3-2: Ground out U3 (Groundball, 3, EV 87.5 MPH)
Top of the 6th over - 0 runs, 2 hits, 0 errors, 2 left on base; Atlanta 9 - Pittsburgh 8
BOTTOM OF THE 6TH
Pittsburgh Pirates batting - Pitching for Atlanta Braves : RHP Migel Puente
Now at 1B: Tom Veryzer
Batting: RHB Dan Gladden 0-0: Foul Ball, location: 2F
0-1: Ball
1-1: Ground out 4-3 (Groundball, 4M, EV 105.6 MPH)
Batting: SHB Chili Davis 0-0: Ball
1-0: Foul Ball, location: 2F
1-1: Swinging Strike
1-2: Ball
2-2: Ball
3-2: Base on Balls
Batting: RHB Rennie Stennett 0-0: Ball
1-0: Ball
Chili Davis steals 2nd base
2-0: Foul Ball, location: 2F
2-1: Ground out 5-3 (Groundball, 56, EV 88.8 MPH)
Batting: LHB Robert Lopez 0-0: Ball
1-0: Foul Ball, location: 2F
1-1: Ball
2-1: Called Strike
2-2: Foul Ball, location: 2F
2-2: SINGLE (Line Drive, 6D, EV 96.9 MPH)
Chili Davis to third
Runner from 3rd tries for Home, SAFE, throw by CF to home
Batting: LHB Greg Walker 0-0: Ball
1-0: DOUBLE (Line Drive, 9LS, EV 93.8 MPH)
Robert Lopez to third
Runner from 3rd tries for Home, SAFE, no throw by RF
Batting: RHB Mike C Brown 0-0: Called Strike
0-1: Foul Ball, location: 2F
0-2: Ball
1-2: Ball
2-2: Ball
3-2: Fly out, F8 (Flyball, 8LM, EV 96.9 MPH)
Bottom of the 6th over - 2 runs, 2 hits, 0 errors, 1 left on base; Atlanta 9 - Pittsburgh 10
TOP OF THE 7TH
Atlanta Braves batting - Pitching for Pittsburgh Pirates : RHP Mike Smithson
Pitching: RHP Mark Lemongello
Now in RF: Terry Whitfield
Batting: SHB Tony Fernandez 0-0: Ball
1-0: Ground out 6-3 (Groundball, 6, EV 90.0 MPH)
Batting: LHB Leon Durham 0-0: Called Strike
0-1: Ball
1-1: Foul Ball, location: 2F
1-2: Strikes out swinging
Pinch Hitting: RHB John Freitas 0-0: Ball
1-0: Called Strike
1-1: Called Strike
1-2: Foul Ball, location: 2F
1-2: Strikes out swinging, 2-3 out at first.
Top of the 7th over - 0 runs, 0 hits, 0 errors, 0 left on base; Atlanta 9 - Pittsburgh 10
BOTTOM OF THE 7TH
Pittsburgh Pirates batting - Pitching for Atlanta Braves : RHP Migel Puente
Pitching: RHP Charlie Lea
Batting: SHB John Shelby 0-0: Ball
1-0: Ball
2-0: Called Strike
2-1: Ball
3-1: Called Strike
3-2: Foul Ball, location: 2F
3-2: Strikes out swinging
Batting: SHB Ron Oester 0-0: Called Strike
0-1: Foul Ball, location: 2F
0-2: Ball
1-2: SINGLE (Line Drive, 3D, EV 105.0 MPH)
Batting: LHB Terry Whitfield 0-0: Called Strike
Ron Oester steals 2nd base
0-1: Foul Ball, location: 2F
0-2: Ball
1-2: Fly out, F7 (Flyball, 7D, EV 81.9 MPH)
Batting: RHB Dan Gladden 0-0: Called Strike
0-1: Ball
1-1: Ball
2-1: Called Strike
2-2: Ball
3-2: Hit by Pitch
Batting: SHB Chili Davis 0-0: Fly out, F8 (Flyball, 8RD, EV 92.5 MPH)
Bottom of the 7th over - 0 runs, 1 hit, 0 errors, 2 left on base; Atlanta 9 - Pittsburgh 10
TOP OF THE 8TH
Atlanta Braves batting - Pitching for Pittsburgh Pirates : RHP Mark Lemongello
Batting: LHB Mike Scioscia 0-0: Ball
1-0: Fly out, F3 (Popup, 34, EV 77.5 MPH)
Batting: RHB Tom Veryzer 0-0: Called Strike
0-1: Foul Ball, location: 2F
0-2: Ball
1-2: Strikes out swinging
Batting: LHB Joe L Morgan 0-0: Ball
1-0: Foul Ball, location: 2F
1-1: Swinging Strike
1-2: Foul Ball, location: 2F
1-2: Ball
2-2: Ball
3-2: SINGLE (Line Drive, 8RS, EV 95.6 MPH)
Batting: SHB UL Washington 0-0: TRIPLE (Flyball, 89XD, EV 103.1 MPH)
Joe L Morgan scores
Batting: RHB Gil Flores 0-0: Foul Ball, location: 2F
0-1: Ball
1-1: Ball
2-1: Swinging Strike
2-2: Foul Ball, location: 2F
2-2: Ground out 6-3 (Groundball, 6, EV 84.4 MPH)
Top of the 8th over - 1 run, 2 hits, 0 errors, 1 left on base; Atlanta 10 - Pittsburgh 10
BOTTOM OF THE 8TH
Pittsburgh Pirates batting - Pitching for Atlanta Braves : RHP Charlie Lea
Batting: RHB Rennie Stennett 0-0: Ground out 6-3 (Groundball, 6, EV 85.6 MPH)
Batting: LHB Robert Lopez 0-0: Ball
1-0: Called Strike
1-1: Swinging Strike
1-2: Foul Ball, location: 2F
1-2: Strikes out swinging
Batting: LHB Greg Walker 0-0: Ball
1-0: Fly out, F5 (Line Drive, 5, EV 74.4 MPH)
Bottom of the 8th over - 0 runs, 0 hits, 0 errors, 0 left on base; Atlanta 10 - Pittsburgh 10
TOP OF THE 9TH
Atlanta Braves batting - Pitching for Pittsburgh Pirates : RHP Mark Lemongello
Batting: LHB Brett Butler 0-0: Foul Ball, location: 2F
0-1: SINGLE (Groundball, 4M, EV 88.8 MPH) (infield hit)
Pitching: RHP Timnothy Milner
Batting: SHB Tony Fernandez 0-0: Sac Bunt to 5S - play at first, batter OUT! 5-4
Brett Butler to second
Batting: LHB Leon Durham 0-0: Ball
1-0: Called Strike
1-1: Ball
2-1: SINGLE (Groundball, 6S, EV 64.4 MPH) (infield hit)
Brett Butler to third
Pinch Hitting: RHB Craig Kusick 0-0: Ball
1-0: Ball
2-0: Ball
Leon Durham steals 2nd base (no throw)
3-0: Called Strike
3-1: Called Strike
3-2: Base on Balls
Batting: LHB Mike Scioscia 0-0: Called Strike
0-1: Fly out, F7 (Flyball, 7LS, EV 90.0 MPH)
Batting: RHB Tom Veryzer 0-0: Ball
1-0: Fielders Choice at 2nd, U6 (Groundball, 6M, EV 81.9 MPH)
Top of the 9th over - 0 runs, 2 hits, 0 errors, 3 left on base; Atlanta 10 - Pittsburgh 10
BOTTOM OF THE 9TH
Pittsburgh Pirates batting - Pitching for Atlanta Braves : RHP Charlie Lea
Pitching: LHP Scott McGregor
Pinch Hitting: LHB Jared Martin 0-0: Ball
1-0: Called Strike
1-1: Foul Ball, location: 2F
1-2: Ball
2-2: Fly out, F8 (Flyball, 8LS, EV 88.1 MPH)
Batting: SHB John Shelby 0-0: Called Strike
0-1: SINGLE (Groundball, 34S, EV 84.4 MPH) (infield hit)
Batting: SHB Ron Oester 0-0: Ball
1-0: Swinging Strike
1-1: Ball
2-1: Ball
3-1: SINGLE (Groundball, 34D, EV 111.3 MPH)
John Shelby to second
Runner from 2nd tries for 3rd, SAFE, throw by RF made to third
Pinch Hitting: RHB Rafael Santana 0-0: SINGLE (Groundball, 34D, EV 103.1 MPH)
John Shelby scores
Bottom of the 9th over - 1 run, 3 hits, 0 errors, 0 left on base; Atlanta 10 - Pittsburgh 11
Monday, August 17th, 2020 - OOTP Baseball 21.5 Build 76